 Dungeon Crawl Stone Soup version 0.27.1 (webtiles) character file.

Game seed: 11769431579584021870

40 nxtlvl the Ruffian (level 3, -2/36 HPs)
             Began as a Troll Abyssal Knight on Sept 4, 2021.
             Was a Follower of Lugonu.
             Slain by a gnoll (5 damage)
             ... on level 3 of the Dungeon.
             The game lasted 00:02:25 (270 turns).

nxtlvl the Ruffian (Troll Abyssal Knight)            Turns: 270, Time: 00:02:25

Health: -2/36      AC:  4    Str: 20    XL:     3   Next: 30%
Magic:  3/3        EV:  9    Int:  9    God:    Lugonu [*.....]
Gold:   32         SH:  0    Dex:  9    Spells: 2/2 levels left

rFire    . . .     SeeInvis .     - Unarmed
rCold    . . .     Faith    .   (no shield)
rNeg     . . .     Spirit   .   a - +0 robe
rPois    .         Reflect  .   (helmet restricted)
rElec    .         Harm     .   (no cloak)
rCorr    .         Rampage  .   (gloves unavailable)
Will     .....                  (boots unavailable)
Stlth    +.........             (no amulet)
HPRegen  1.12/turn              (no ring)
MPRegen  0.08/turn              (no ring)

@: no status effects
A: large, unfitting armour, claws 3, regeneration 1, shaggy fur 1, tough skin 1
a: Renounce Religion, Depart the Abyss


You were on level 3 of the Dungeon.
You worshipped Lugonu.
Lugonu was aware of your devotion.
You visited 1 branch of the dungeon, and saw 3 of its levels.
You visited the Abyss 1 time.

You collected 32 gold pieces.

Inventory:

Armour
 a - a +0 robe (worn)
Scrolls
 b - a scroll of identify {unknown}
 d - a scroll of teleportation {unknown}
Potions
 c - a potion of berserk rage {unknown}
 e - a potion of lignification {unknown}


   Skills:
 - Level 2.4 Fighting
 - Level 1.9 Dodging
 * Level 3.8 Unarmed Combat
 - Level 1.5 Invocations


You had 2 spell levels left.
You didn't know any spells.
Your spell library contained the following spells:

 Spells                   Type           Power      Damage    Failure   Level
 Foxfire                  Conj/Fire      0%         2x1d4     38%         1
 Magic Dart               Conj           0%         1d3       38%         1
 Searing Ray              Conj           0%         3d3       52%         2
 Fulminant Prism          Conj/Hex       0%         3d6       99%         4


Dungeon Overview and Level Annotations

Branches:
Dungeon (3/15)

Altars:


Innate Abilities, Weirdness & Mutations

You are too large for most types of armour.
You have claws for hands.
Your natural rate of healing is unusually fast.
You are covered in fur. (AC +1)
You have tough skin. (AC +1)


Message History

You kill the gnoll!
Lugonu accepts your kill. The gnoll closely misses you.
Your Unarmed Combat skill increases to level 3!
You scratch the gnoll but do no damage.
The gnoll hits you from afar with a +0 spear.
The gnoll barely misses you.
You scratch the gnoll.
The gnoll is lightly wounded.
The gnoll closely misses you. The gnoll hits you with a +0 flail.
You claw the gnoll!
The gnoll is almost dead.
The gnoll hits you from afar with a +0 spear.
The gnoll hits you with a +0 flail!
You are too injured to fight recklessly!
You are too injured to fight recklessly!
You claw the gnoll!
You kill the gnoll!
Lugonu accepts your kill.
The gnoll hits you from afar with a +0 spear.
* * * LOW HITPOINT WARNING * * *
You have reached level 3!
Your experience leads to an increase in your attributes!
Increase (S)trength, (I)ntelligence, or (D)exterity?
You feel clever.
You feel stronger.
You scratch the gnoll.
The gnoll is moderately wounded.
The gnoll hits you but does no damage. The gnoll barely misses you.
You claw the gnoll!
You kill the gnoll!
Lugonu accepts your kill. The gnoll misses you.
The gnoll hits you with a +0 spear.
* * * LOW HITPOINT WARNING * * *
You scratch the gnoll but do no damage. The gnoll hits you but does no damage.
You closely miss the gnoll. The gnoll hits you with a +0 spear!
* * * LOW HITPOINT WARNING * * *
You scratch the gnoll but do no damage. The gnoll completely misses you.
You closely miss the gnoll. The gnoll hits you with a +0 spear.
You die...

..........#.#...#..#
..#########...#...≈# ..
g. #..##...≈## ...#.##
##......≈≈≈# ##
g..g#.##.......≈≈≈##..#
#g#.#.#.###.#.≈≈≈≈#..
##.g.....# #...≈≈≈#
.....##.###.##†≈≈#
#.#.#@.....###≈≈#
##..g###.######≈#
##............≈#
######.######## #.# #.#
#.# #.# #.#


You could see a gnoll.

Vanquished Creatures
  3 gnolls (D:3)
  A dart slug (D:3)
  An orc (D:3)
  A bat (D:2)
  2 giant cockroaches
  A ball python (D:1)
  A frilled lizard (D:3)
  2 kobolds (D:2)
12 creatures vanquished.

Notes
Turn   | Place    | Note
-------+----------+-------------------------------------------
     0 | Abyss:1  | nxtlvl the Troll Abyssal Knight began the quest for the
                  | Orb.
     0 | Abyss:1  | Reached XP level 1. HP: 22/22 MP: 1/1
    63 | Abyss:1  | Noticed a chaos spawn
    93 | Abyss:1  | Noticed a tentacled starspawn
    94 | D:1      | Escaped the Abyss
    99 | D:2      | Found a faded altar of an unknown god.
   115 | D:2      | Got Plato's Incunabulum of Heat
   219 | D:3      | Reached * piety under Lugonu
   220 | D:3      | Reached XP level 2. HP: 29/29 MP: 2/2
   259 | D:3      | Reached skill level 3 in Unarmed Combat
   263 | D:3      | Reached XP level 3. HP: 9/36 MP: 3/3
   268 | D:3      | HP: 1/36 [gnoll (8)]
   270 | D:3      | Slain by a gnoll

Illustrated notes

Levels and vault maps discovered:
D:1:      lightli_molten_gateway, layout_rooms, serial_rivers,
          chequers_serial_rivers_room_b, chequers_serial_rivers_large_a,
          chequers_serial_rivers_micro_c, chequers_serial_rivers_small_b,
          serial_shops, shop
D:2:      layout_basic, shapermc_ecumenical_altar_rom_forum, chequers_jeans
D:3:      cheibrodos_thug_alley, layout_loops_ring, ashenzari_altar_1,
          cheibrodos_sewer_entry_bend, chequers_serial_rivers_room_a,
          mrwooster_statue_mirror, uniq_crazy_yiuf_cottage

Skill      XL: |  1  2 |
---------------+-------+-----
Unarmed Combat | 3 |  3.8
Fighting       | |  2.4
Dodging        | |  1.9
Invocations    | |  1.5

Action                   || total
-------------------------++-------
Melee: Unarmed           ||    32
Invok: Depart the Abyss  ||     1
Armor: Robe              ||    10
Dodge: Dodged            ||    15
